Map: Hielo y cromo EE

Players

SapperKick

  • Race: Protoss Protoss
  • League: Gold
  • Spawn Location: 1:00

MrFercho - Winner!

  • Race: Zerg Zerg
  • League: Gold
  • Spawn Location: 7:00

VOD

Have the link to the VOD?

Description

Time

  • Played on: Aug. 6, 2020, 7:57 p.m.
  • Length: 7:46
Show
View Real Time Build Order
Export as new Build Order

SapperKick Protoss 

Build Orders: Dark Templar Rush 

Get SALT Encoding   

  12  0:04  Probe (Chrono Boost)  
  13  0:13  Pylon  
  13  0:17  Probe (Chrono Boost)  
  14  0:26  Probe  
  15  0:54  Gateway  
  15  0:55  Gateway  
  15  0:59  Gateway  
  15  1:03  Pylon  
  15  1:06  Probe (Chrono Boost)  
  16  1:12  Assimilator  
  16  1:17  Probe (Chrono Boost)  
  17  1:22  Probe  
  18  1:29  Assimilator  
  18  1:34  Probe  
  19  1:46  Probe  
  20  1:50  Zealot  
  20  1:51  Zealot  
  20  1:54  Zealot  
  26  1:58  Probe (Chrono Boost)  
  27  2:05  Pylon  
  27  2:10  Probe (Chrono Boost)  
  28  2:18  Probe (Chrono Boost)  
  29  2:24  Cybernetics Core  
  29  2:26  Probe  
  30  2:38  Probe  
  30  2:41  Pylon  
  31  2:50  Probe  
  32  2:52  Pylon  
  32  3:02  Twilight Council  
  32  3:03  Warp Gate (Chrono Boost), Probe  
  33  3:16  Probe  
  33  3:19  Gateway  
  34  3:28  Probe  
  35  3:40  Probe  
  36  3:46  Dark Shrine  
  36  3:52  Charge, Probe  
  37  4:04  Probe  
  37  4:07  Gateway  
  38  4:14  Gateway  
  38  4:27  Probe  
  39  4:36  Robotics Facility  
  39  4:40  Probe (Chrono Boost)  
  40  4:48  Stalker  
  40  4:49  Stalker x2  
  40  4:50  Stalker  
  48  4:57  Probe  
  49  5:01  Stalker  
  51  5:08  Stalker  
  53  5:14  Dark Templar  
  53  5:19  Pylon  
  55  5:26  Pylon  
  55  5:36  Pylon  
  55  5:37  Probe (Chrono Boost)  
  55  5:38  Observer  
  57  5:47  Dark Templar, Nexus  
  59  5:51  Zealot  
  61  5:59  Observer  
  48  6:20  Stalker x2, Pylon  
  48  6:21  Stalker x2  
  54  6:32  Probe  
  47  6:48  Dark Templar  
  47  6:49  Dark Templar  
  44  7:00  Stalker  
  40  7:02  Zealot x2  
  40  7:03  Zealot  
  42  7:32  Zealot  
Show
View Real Time Build Order
Export as new Build Order

MrFercho Zerg - Winner!

Build Orders: Hatch First 

Get SALT Encoding   

  12  0:00  Drone  
  13  0:19  Overlord  
  13  0:20  Drone  
  14  0:38  Drone x2  
  16  0:50  Hatchery  
  16  0:52  Drone  
  16  0:58  Drone  
  16  1:02  Drone  
  18  1:12  Extractor  
  18  1:17  Spawning Pool  
  16  1:18  Drone  
  16  1:24  Drone  
  18  1:35  Drone  
  19  1:47  Drone  
  20  1:56  Overlord  
  20  2:04  Queen x2  
  20  2:07  Drone  
  25  2:13  Zergling x2  
  25  2:15  Zergling x2  
  27  2:19  Drone  
  28  2:24  Overlord  
  28  2:28  Drone  
  29  2:42  Drone x2  
  31  2:51  Lair  
  31  2:52  Drone  
  31  2:53  Drone  
  33  3:16  Drone  
  33  3:17  Drone x2  
  33  3:18  Drone  
  33  3:19  Drone x2  
  39  3:20  Drone  
  39  3:22  Queen  
  42  3:29  Roach Warren  
  42  3:33  Evolution Chamber  
  40  3:34  Drone x2  
  40  3:35  Evolution Chamber, Drone x2  
  43  3:43  Drone  
  44  3:50  Overlord  
  44  3:51  Overlord  
  44  3:54  Overlord  
  44  4:10  Roach  
  44  4:11  Roach x6  
  58  4:23  Extractor  
  57  4:24  Glial Reconstitution  
  57  4:25  Extractor  
  57  4:30  Drone x3  
  59  4:31  Drone  
  60  4:41  Zerg Missile Weapons Level 1  
  60  4:49  Drone x3  
  63  4:54  Roach x2  
  63  4:55  Overlord  
  63  4:56  Overlord  
  67  5:04  Overlord  
  68  5:14  Drone  
  68  5:16  Roach x4  
  68  5:19  Overlord  
  76  5:21  Drone  
  76  5:23  Drone  
  78  5:33  Overlord  
  78  5:37  Hatchery, Drone x3  
  80  5:46  Overlord x2  
  80  5:48  Overseer  
  78  6:07  Roach x4  
  78  6:08  Roach  
  84  6:28  Roach  
  84  6:29  Roach x7  
  100  6:37  Hatchery  
  97  6:43  Spore Crawler  
  96  6:47  Spine Crawler  
  96  6:50  Spine Crawler  
  84  7:16  Roach x10  
Tags
 
League
GoldGold
Matchup
PvZ
Replay Pack
MrFercho
Spawn Locations
Cross Positions
Add a new tag
Caveats
  • Supply blocks, unpowered buildings, or Contaminate may cause inaccurate times.
  • Supply counts are checked every 10 seconds.